| TOP OF THE 1ST |
|
Trois-Riveres Aigles batting - Pitching for Canton Indians : RHP Mike Roman
|
|
Pitching: RHP Mike Roman
|
|
|
Batting: RHB Luis Jara
|
0-0: Called Strike 0-1: Foul Ball, location: 2F 0-2: Strikes out swinging
|
|
Batting: RHB Micah Logan
|
0-0: Called Strike 0-1: Ball 1-1: Foul Ball, location: 2F 1-2: Ball 2-2: Ground out U3 (Groundball, 34, EV 86.2 MPH)
|
|
Batting: SHB Derek Weaver
|
0-0: Ball 1-0: Ground out 4-3 (Groundball, 4, EV 105.0 MPH)
|
| Top of the 1st over - 0 runs, 0 hits, 0 errors, 0 left on base; Trois-Riveres 0 - Canton 0 |
| BOTTOM OF THE 1ST |
|
Canton Indians batting - Pitching for Trois-Riveres Aigles : LHP John Sylvester
|
|
Pitching: LHP John Sylvester
|
|
|
Batting: RHB Xavier Bartolani
|
0-0: Called Strike 0-1: Ball 1-1: Ground out 4-3 (Groundball, 34, EV 101.9 MPH)
|
|
Batting: RHB Willie Toral
|
0-0: Called Strike 0-1: Fly out, F9 (Flyball, 9S, EV 88.1 MPH)
|
|
Batting: RHB Rob Marti
|
0-0: Called Strike 0-1: Ground out 6-3 (Groundball, 56, EV 83.8 MPH)
|
| Bottom of the 1st over - 0 runs, 0 hits, 0 errors, 0 left on base; Trois-Riveres 0 - Canton 0 |
| TOP OF THE 2ND |
|
Trois-Riveres Aigles batting - Pitching for Canton Indians : RHP Mike Roman
|
|
Batting: RHB Sandoval Serzedelo
|
0-0: Foul Ball, location: 2F 0-1: Ball 1-1: Foul Ball, location: 2F 1-2: SINGLE (Groundball, 34S, EV 75.0 MPH) (infield hit)
|
|
Batting: RHB Chris Davis
|
0-0: Ball 1-0: Fly out, F9 (Flyball, 9LS, EV 89.4 MPH)
|
|
Batting: RHB Tony Bonilla
|
0-0: Called Strike 0-1: Called Strike 0-2: Ball 1-2: Hit by Pitch Sandoval Serzedelo to second
|
|
Batting: RHB Alistair Holmes
|
0-0: Ball 1-0: Grounds into double play, 4-6-3 (Groundball, 4, EV 91.2 MPH)
|
| Top of the 2nd over - 0 runs, 1 hit, 0 errors, 1 left on base; Trois-Riveres 0 - Canton 0 |
| BOTTOM OF THE 2ND |
|
Canton Indians batting - Pitching for Trois-Riveres Aigles : LHP John Sylvester
|
|
Batting: SHB Luis de Leon
|
0-0: Swinging Strike 0-1: SINGLE (Line Drive, 56D, EV 97.5 MPH)
|
|
Batting: RHB Tony Gonzales
|
0-0: Ball 1-0: Called Strike 1-1: Foul Ball, location: 2F 1-2: Strikes out looking
|
|
Batting: SHB Ryan Donohoe
|
0-0: Called Strike 0-1: Foul Ball, location: 2F 0-2: Ball 1-2: Ball 2-2: Foul Ball, location: 2F 2-2: Ball 3-2: Strikes out swinging
|
|
Batting: SHB Bob Ledlow
|
0-0: Ball 1-0: SINGLE (Flyball, 89S, EV 93.1 MPH) Luis de Leon to second
|
|
Batting: RHB Ryan Paquette
|
0-0: Called Strike 0-1: Ball 1-1: Foul Ball, location: 2F 1-2: Ball 2-2: Strikes out looking
|
| Bottom of the 2nd over - 0 runs, 2 hits, 0 errors, 2 left on base; Trois-Riveres 0 - Canton 0 |
| TOP OF THE 3RD |
|
Trois-Riveres Aigles batting - Pitching for Canton Indians : RHP Mike Roman
|
|
Batting: RHB Willie Acevedo
|
0-0: Ball 1-0: Called Strike 1-1: Ball 2-1: Ball 3-1: Base on Balls
|
|
Batting: RHB Ben Saxton
|
0-0: SINGLE (Line Drive, 78S, EV 99.4 MPH) Willie Acevedo to second
|
|
Batting: RHB Luis Jara
|
0-0: Ball 1-0: Ball 2-0: Fielders Choice at 2nd, 6-4 (Groundball, 6, EV 77.5 MPH) Willie Acevedo to third
|
|
Batting: RHB Micah Logan
|
0-0: Ball Passed Ball! Willie Acevedo scores Luis Jara to second 1-0: Ball 2-0: Swinging Strike 2-1: Called Strike 2-2: Foul Ball, location: 2F 2-2: Ground out 4-3 (Groundball, 34, EV 88.8 MPH) Luis Jara to third
|
|
Batting: SHB Derek Weaver
|
0-0: Hit by Pitch
|
|
Batting: RHB Sandoval Serzedelo
|
0-0: Fly out, F9 (Line Drive, 89M, EV 106.2 MPH)
|
| Top of the 3rd over - 1 run, 1 hit, 0 errors, 2 left on base; Trois-Riveres 1 - Canton 0 |
| BOTTOM OF THE 3RD |
|
Canton Indians batting - Pitching for Trois-Riveres Aigles : LHP John Sylvester
|
|
Batting: SHB Jose Abreu
|
0-0: Ball 1-0: Ball 2-0: Called Strike 2-1: Fly out, F8 (Flyball, 78M, EV 79.4 MPH)
|
|
Batting: RHB Xavier Bartolani
|
0-0: Ball 1-0: Called Strike 1-1: Ball 2-1: Ball 3-1: Called Strike 3-2: Fly out, F7 (Flyball, 78M, EV 90.6 MPH)
|
|
Batting: RHB Willie Toral
|
0-0: SINGLE (Line Drive, 8LS, EV 105.6 MPH)
|
|
Batting: RHB Rob Marti
|
0-0: Ball 1-0: SINGLE (Line Drive, 78S, EV 105.0 MPH) Willie Toral to second
|
|
Batting: SHB Luis de Leon
|
0-0: Fly out, F7 (Flyball, 7, EV 90.6 MPH)
|
| Bottom of the 3rd over - 0 runs, 2 hits, 0 errors, 2 left on base; Trois-Riveres 1 - Canton 0 |
| TOP OF THE 4TH |
|
Trois-Riveres Aigles batting - Pitching for Canton Indians : RHP Mike Roman
|
|
Batting: RHB Chris Davis
|
0-0: Fly out, F8 (Flyball, 89M, EV 85.0 MPH)
|
|
Batting: RHB Tony Bonilla
|
0-0: Ball 1-0: Fly out, F7 (Flyball, 7LM, EV 93.8 MPH)
|
|
Batting: RHB Alistair Holmes
|
0-0: Called Strike 0-1: Swinging Strike 0-2: Ball 1-2: Foul Ball, location: 2F 1-2: Ground out 6-3 (Groundball, 6M, EV 105.0 MPH)
|
| Top of the 4th over - 0 runs, 0 hits, 0 errors, 0 left on base; Trois-Riveres 1 - Canton 0 |
| BOTTOM OF THE 4TH |
|
Canton Indians batting - Pitching for Trois-Riveres Aigles : LHP John Sylvester
|
|
Batting: RHB Tony Gonzales
|
0-0: Called Strike 0-1: Ball 1-1: Foul Ball, location: 2F 1-2: Strikes out swinging
|
|
Batting: SHB Ryan Donohoe
|
0-0: Called Strike 0-1: Ball 1-1: Foul Ball, location: 2F 1-2: Foul Ball, location: 2F 1-2: Ball 2-2: Strikes out looking
|
|
Batting: SHB Bob Ledlow
|
0-0: Called Strike 0-1: Ground out 6-3 (Groundball, 4MS, EV 89.4 MPH)
|
| Bottom of the 4th over - 0 runs, 0 hits, 0 errors, 0 left on base; Trois-Riveres 1 - Canton 0 |
| TOP OF THE 5TH |
|
Trois-Riveres Aigles batting - Pitching for Canton Indians : RHP Mike Roman
|
|
Batting: RHB Willie Acevedo
|
0-0: Ball 1-0: Ball 2-0: Foul Ball, location: 2F 2-1: Ground out 5-3 (Groundball, 56, EV 81.9 MPH)
|
|
Batting: RHB Ben Saxton
|
0-0: Ball 1-0: Called Strike 1-1: Called Strike 1-2: Ball 2-2: Foul Ball, location: 2F 2-2: Foul Ball, location: 2F 2-2: Strikes out looking
|
|
Batting: RHB Luis Jara
|
0-0: Ball 1-0: Called Strike 1-1: Ball 2-1: Ball 3-1: Ground out 4-3 (Groundball, 34, EV 98.1 MPH)
|
| Top of the 5th over - 0 runs, 0 hits, 0 errors, 0 left on base; Trois-Riveres 1 - Canton 0 |
| BOTTOM OF THE 5TH |
|
Canton Indians batting - Pitching for Trois-Riveres Aigles : LHP John Sylvester
|
|
Batting: RHB Ryan Paquette
|
0-0: Called Strike 0-1: Ball 1-1: Ball 2-1: Ball 3-1: Foul Ball, location: 2F 3-2: SINGLE (Groundball, 56S, EV 71.2 MPH) (infield hit)
|
|
Batting: SHB Jose Abreu
|
0-0: Ball 1-0: Called Strike 1-1: Ball 2-1: Called Strike 2-2: Foul Ball, location: 2F 2-2: Ball 3-2: Strikes out looking
|
|
Batting: RHB Xavier Bartolani
|
0-0: Ball 1-0: Foul Ball, location: 2F 1-1: Fielders Choice at 2nd, 6-4 (Groundball, 6, EV 105.6 MPH)
|
|
Batting: RHB Willie Toral
|
0-0: Fly out, F8 (Flyball, 8RS, EV 91.9 MPH)
|
| Bottom of the 5th over - 0 runs, 1 hit, 0 errors, 1 left on base; Trois-Riveres 1 - Canton 0 |
| TOP OF THE 6TH |
|
Trois-Riveres Aigles batting - Pitching for Canton Indians : RHP Mike Roman
|
|
Batting: RHB Micah Logan
|
0-0: Swinging Strike 0-1: Ball 1-1: Ball 2-1: Foul Ball, location: 2F 2-2: Fly out, F9 (Flyball, 9D, EV 90.0 MPH)
|
|
Batting: SHB Derek Weaver
|
0-0: Fly out, F8 (Flyball, 8RXD, EV 99.4 MPH)
|
|
Batting: RHB Sandoval Serzedelo
|
0-0: Called Strike 0-1: Ball 1-1: Ball 2-1: Ball 3-1: Foul Ball, location: 2F 3-2: Ground out 1-3 (Groundball, 13S, EV 67.5 MPH)
|
| Top of the 6th over - 0 runs, 0 hits, 0 errors, 0 left on base; Trois-Riveres 1 - Canton 0 |
| BOTTOM OF THE 6TH |
|
Canton Indians batting - Pitching for Trois-Riveres Aigles : LHP John Sylvester
|
|
Batting: RHB Rob Marti
|
0-0: Swinging Strike 0-1: Swinging Strike 0-2: Strikes out swinging
|
|
Batting: SHB Luis de Leon
|
0-0: Ball 1-0: Swinging Strike 1-1: Called Strike 1-2: Ball 2-2: Foul Ball, location: 2F 2-2: Strikes out looking
|
|
Batting: RHB Tony Gonzales
|
0-0: Called Strike 0-1: Ball 1-1: Ground out U3 (Groundball, 3, EV 85.6 MPH)
|
| Bottom of the 6th over - 0 runs, 0 hits, 0 errors, 0 left on base; Trois-Riveres 1 - Canton 0 |
| TOP OF THE 7TH |
|
Trois-Riveres Aigles batting - Pitching for Canton Indians : RHP Mike Roman
|
|
Batting: RHB Chris Davis
|
0-0: Ball 1-0: Ground out 5-3 (Groundball, 56S, EV 65.0 MPH)
|
|
Batting: RHB Tony Bonilla
|
0-0: SINGLE (Line Drive, 3D, EV 94.4 MPH)
|
|
Batting: RHB Alistair Holmes
|
0-0: Ball 1-0: Called Strike 1-1: Called Strike 1-2: Ball 2-2: Ball 3-2: Strikes out swinging Tony Bonilla is caught stealing 2nd base 2-4 Batter strikes out.
|
| Top of the 7th over - 0 runs, 1 hit, 0 errors, 0 left on base; Trois-Riveres 1 - Canton 0 |
| BOTTOM OF THE 7TH |
|
Canton Indians batting - Pitching for Trois-Riveres Aigles : LHP John Sylvester
|
|
Pinch Hitting: LHB Dorian Oram
|
0-0: Ball 1-0: Called Strike 1-1: Ball 2-1: Called Strike 2-2: Foul Ball, location: 2F 2-2: Ball 3-2: Foul Ball, location: 2F 3-2: Foul Ball, location: 2F 3-2: Base on Balls
|
|
Batting: RHB Quan Tai
|
0-0: Sac Bunt to P - play at first, batter OUT! 1-3 Dorian Oram to second
|
|
Batting: RHB Ryan Paquette
|
0-0: Called Strike 0-1: Called Strike 0-2: Ball 1-2: Strikes out looking
|
|
Pinch Hitting: RHB Pat Brandt
|
0-0: Ball 1-0: Fly out, F7 (Flyball, 78M, EV 85.6 MPH)
|
| Bottom of the 7th over - 0 runs, 0 hits, 0 errors, 1 left on base; Trois-Riveres 1 - Canton 0 |
| TOP OF THE 8TH |
|
Trois-Riveres Aigles batting - Pitching for Canton Indians : RHP Mike Roman
|
|
Now in LF: Pat Brandt
|
|
|
Now in CF: Russ Kennett
|
|
|
Batting: RHB Willie Acevedo
|
0-0: Ball 1-0: Ball 2-0: Ball 3-0: Base on Balls
|
|
Batting: RHB Ben Saxton
|
0-0: Called Strike 0-1: Swinging Strike 0-2: Strikes out swinging
|
|
Batting: RHB Luis Jara
|
0-0: Ball 1-0: Ground out 5-3 (Groundball, 56, EV 82.5 MPH) Willie Acevedo to second
|
|
Batting: RHB Micah Logan
|
0-0: Ball 1-0: Ball 2-0: Foul Ball, location: 2F 2-1: Foul Ball, location: 2F 2-2: Ball 3-2: Fly out, F8 (Flyball, 8LD, EV 99.4 MPH)
|
| Top of the 8th over - 0 runs, 0 hits, 0 errors, 1 left on base; Trois-Riveres 1 - Canton 0 |
| BOTTOM OF THE 8TH |
|
Canton Indians batting - Pitching for Trois-Riveres Aigles : LHP John Sylvester
|
|
Batting: RHB Xavier Bartolani
|
0-0: Swinging Strike 0-1: Swinging Strike 0-2: Foul Ball, location: 2F 0-2: Ground out 5-3 (Groundball, 56, EV 93.8 MPH)
|
|
Batting: RHB Willie Toral
|
0-0: Foul Ball, location: 2F 0-1: Ball 1-1: Foul Ball, location: 2F 1-2: Ball 2-2: Strikes out swinging
|
|
Batting: RHB Rob Marti
|
0-0: Called Strike 0-1: Swinging Strike 0-2: SINGLE (Line Drive, 34D, EV 97.5 MPH)
|
|
Batting: SHB Luis de Leon
|
0-0: Foul Ball, location: 2F 0-1: Ball 1-1: Foul Ball, location: 2F 1-2: Fly out, F1 (Popup, 15, EV 75.6 MPH)
|
| Bottom of the 8th over - 0 runs, 1 hit, 0 errors, 1 left on base; Trois-Riveres 1 - Canton 0 |
| TOP OF THE 9TH |
|
Trois-Riveres Aigles batting - Pitching for Canton Indians : RHP Mike Roman
|
|
Pinch Hitting: LHB Ian Cranton
|
0-0: Swinging Strike 0-1: Foul Ball, location: 2F 0-2: Ball 1-2: Foul Ball, location: 2F 1-2: Foul Ball, location: 2F 1-2: Ball 2-2: Foul Ball, location: 2F 2-2: Ball 3-2: Fly out, F8 (Flyball, 8RD, EV 103.8 MPH)
|
|
Batting: LHB Jonathan Watt
|
0-0: Foul Ball, location: 2F 0-1: Ball 1-1: Ball 2-1: SOLO HOME RUN (Flyball, 9D, EV 98.1 MPH), Distance : 390 ft
|
|
Batting: RHB Chris Davis
|
0-0: Called Strike 0-1: Ball 1-1: Ball 2-1: Ball 3-1: Foul Ball, location: 2F 3-2: Base on Balls
|
|
Pitching: RHP Abdul-Wadud Mazin
|
|
|
Batting: RHB Tony Bonilla
|
0-0: Called Strike 0-1: Called Strike 0-2: Ground out 5-3 (Groundball, 56S, EV 75.0 MPH) Chris Davis to second
|
|
Pinch Hitting: RHB Toshikatsu Omori
|
0-0: Called Strike 0-1: Foul Ball, location: 2F 0-2: Ball 1-2: Ball 2-2: Ball Wild Pitch! Chris Davis to third 3-2: Fly out, F8 (Line Drive, 8RD, EV 96.2 MPH)
|
| Top of the 9th over - 1 run, 1 hit, 0 errors, 1 left on base; Trois-Riveres 2 - Canton 0 |
| BOTTOM OF THE 9TH |
|
Canton Indians batting - Pitching for Trois-Riveres Aigles : LHP John Sylvester
|
|
Pitching: RHP Steve Rennecker
|
|
|
Now at 1B: Toshikatsu Omori
|
|
|
Now in LF: Tony Bonilla
|
|
|
Now in CF: Gilbert Hoareau
|
|
|
Now in RF: Matt Pena
|
|
|
Batting: RHB Tony Gonzales
|
0-0: Ball 1-0: Called Strike 1-1: Ground out 4-3 (Groundball, 4, EV 86.9 MPH)
|
|
Pinch Hitting: LHB Mike Humfleet
|
0-0: Foul Ball, location: 2F 0-1: Foul Ball, location: 2F 0-2: Ground out 5-3 (Groundball, 56, EV 103.8 MPH)
|
|
Batting: RHB Quan Tai
|
0-0: Foul Ball, location: 2F 0-1: Foul Ball, location: 2F 0-2: Foul Ball, location: 2F 0-2: Strikes out swinging
|
| Bottom of the 9th over - 0 runs, 0 hits, 0 errors, 0 left on base; Trois-Riveres 2 - Canton 0 |
|